 Dungeon Crawl Stone Soup version 0.27-a0-1200-g94dc6ad4cf (webtiles) character file.

Game seed: 12101953664424312279

51 Gargoyl the Skirmisher (level 3, 0/35 HPs)
             Began as a Gnoll Abyssal Knight on May 30, 2021.
             Was a Follower of Lugonu.
             Slain by Terence
             ... wielding a +2 vorpal hand axe
              (2 damage)
             ... on level 2 of the Dungeon.
             The game lasted 00:02:05 (1723 turns).

Gargoyl the Skirmisher (Gnoll Abyssal Knight)       Turns: 1723, Time: 00:02:06

Health: 0/35       AC: 12    Str:  9 (12) XL:     3   Next: 83%
Magic:  6/6        EV:  4    Int:  9 (11) God:    Lugonu [*.....]
Gold:   110        SH:  0    Dex:  9 (11) Spells: 4/4 levels left

rFire    . . .     SeeInvis .   a - +2 hand axe
rCold    . . .     Faith    .   (no shield)
rNeg     . . .     Spirit   .   c - +0 chain mail
rPois    .         Reflect  .   (no helmet)
rElec    .         Harm     .   e - scarf {repulsion}
rCorr    .         Rampage  .   (no gloves)
Will     .....                  d - +2 pair of boots
Stlth    ..........             (no amulet)
HPRegen  0.11/turn              (no ring)
MPRegen  0.10/turn              (no ring)

@: repel missiles
A: fangs 1, strong nose, distributed training
a: Renounce Religion, Depart the Abyss


You were on level 2 of the Dungeon.
You worshipped Lugonu.
Lugonu was aware of your devotion.
You visited 1 branch of the dungeon, and saw 2 of its levels.
You visited the Abyss 1 time.

You collected 110 gold pieces.

Inventory:

Hand Weapons
 a - a +2 hand axe (weapon)
Armour
 c - a +0 chain mail (worn)
 d - a +2 pair of boots (worn)
 e - a scarf of repulsion (worn)


   Skills:
 + Level 6.5 Fighting
 + Level 1.0 Short Blades
 + Level 1.0 Long Blades
 + Level 4.6 Axes
 + Level 1.0 Maces & Flails
 + Level 1.0 Polearms
 + Level 1.0 Staves
 + Level 1.0 Slings
 + Level 1.0 Bows
 + Level 1.0 Crossbows
 + Level 1.0 Throwing
 + Level 4.6 Armour
 + Level 2.6 Dodging
 + Level 1.0 Stealth
 + Level 1.0 Shields
 + Level 1.0 Unarmed Combat
 + Level 1.0 Spellcasting
 + Level 0.7 Conjurations
 + Level 0.7 Hexes
 + Level 0.7 Summonings
 + Level 0.7 Necromancy
 + Level 0.7 Translocations
 + Level 0.7 Transmutations
 + Level 0.7 Fire Magic
 + Level 0.7 Ice Magic
 + Level 0.7 Air Magic
 + Level 0.7 Earth Magic
 + Level 0.7 Poison Magic
 + Level 4.6 Invocations
 + Level 1.0 Evocations


You had 4 spell levels left.
You didn't know any spells.
Your spell library was empty.

Dungeon Overview and Level Annotations

Branches:
Dungeon (2/15)

Altars:

Annotations:
D:2 Terence


Innate Abilities, Weirdness & Mutations

You have very sharp teeth.
Your uncanny sense of smell can sniff out nearby items.
Your experience applies equally to all skills.


Message History

You drop a +0 leather armour.
Terence the Incautious comes into view.
He is wielding a +2 vorpal hand axe and wearing a +0 scale mail of cold resistance.
A ball python comes into view.
There are monsters nearby!
There are monsters nearby!
The ball python hisses angrily.
Terence hits you with a +2 vorpal hand axe.
You closely miss Terence. You hit the ball python.
You kill the ball python!
Lugonu accepts your kill.
Terence hits you with a +2 vorpal hand axe.
Unknown command.
You hit Terence but do no damage.
Terence hits you with a +2 vorpal hand axe.
Unknown command.
You barely miss Terence. Terence barely misses you.
You slash Terence! You bite Terence, but do no damage.
Terence is moderately wounded.
Terence hits you with a +2 vorpal hand axe.
Unknown command.
You closely miss Terence.
Terence is moderately wounded.
Terence hits you but does no damage.
Unknown command.
It was a potion of degeneration.
There was something very wrong with that liquid.
You feel weakened.
You feel dopey.
You feel clumsy. Terence barely misses you.
You hit Terence but do no damage.
Terence is moderately wounded.
Terence hits you with a +2 vorpal hand axe!
* * * LOW HITPOINT WARNING * * *
x2 You hit Terence.
Your punch misses Terence.
Terence is heavily wounded.
Terence hits you with a +2 vorpal hand axe.
* * * LOW HITPOINT WARNING * * *
x2 You hit Terence.
Terence is severely wounded.
Terence hits you with a +2 vorpal hand axe.
You die...

..# ..# #..# #.# #..#
#.# #.)# #.# ∆ ..#
##.## ... ##.@†## #.#
#..@..# ###.# #.....#
#.... ####.....# #.#.#
#.......## #.#<#
#.##.##.###########.#.#
# #.##.##.......##.#.#
#....##.#####.##....
####.##.##..........
#.#####.##.##.##.#####.


You could see Terence.

Vanquished Creatures
  An adder (D:2)
  A worm (D:2)
  3 dart slugs
  An endoplasm (D:1)
  2 giant cockroaches
  3 goblins
  3 hobgoblins (D:1)
  A quokka (D:2)
  5 ball pythons
  2 bats
  3 frilled lizards
  5 kobolds
  5 rats
35 creatures vanquished.

Notes
Turn   | Place    | Note
-------+----------+-------------------------------------------
     0 | Abyss:1  | Gargoyl the Gnoll Abyssal Knight began the quest for the
                  | Orb.
     0 | Abyss:1  | Reached XP level 1. HP: 23/23 MP: 3/3
    84 | Abyss:2  | Noticed a green death
    88 | Abyss:2  | Noticed a chaos spawn
   114 | Abyss:2  | Noticed a spatial vortex
   115 | Abyss:2  | Noticed a spatial maelstrom
   118 | Abyss:2  | Noticed a spatial vortex
   120 | D:1      | Escaped the Abyss
   422 | D:1      | Reached * piety under Lugonu
   454 | D:1      | Reached XP level 2. HP: 29/29 MP: 5/5
   849 | D:1      | Found a faded altar of an unknown god.
  1260 | D:2      | Reached XP level 3. HP: 32/35 MP: 6/6
  1609 | D:2      | Reached skill level 1 in Short Blades
  1609 | D:2      | Reached skill level 1 in Long Blades
  1609 | D:2      | Reached skill level 1 in Maces & Flails
  1609 | D:2      | Reached skill level 1 in Polearms
  1609 | D:2      | Reached skill level 1 in Staves
  1609 | D:2      | Reached skill level 1 in Slings
  1609 | D:2      | Reached skill level 1 in Bows
  1609 | D:2      | Reached skill level 1 in Crossbows
  1609 | D:2      | Reached skill level 1 in Throwing
  1609 | D:2      | Reached skill level 1 in Stealth
  1609 | D:2      | Reached skill level 1 in Shields
  1609 | D:2      | Reached skill level 1 in Unarmed Combat
  1609 | D:2      | Reached skill level 1 in Spellcasting
  1609 | D:2      | Reached skill level 1 in Evocations
  1711 | D:2      | Noticed Terence
  1723 | D:2      | Slain by Terence

Illustrated notes

Levels and vault maps discovered:
D:1:      dpeg_arrival_oval, layout_loops_ring, shapermc_ecumenical_altar_gd
D:2:      layout_loops_cross, uniq_robin, uniq_terence, uniq_jessica,
          uniq_natasha

Skill      XL: |  1  2  3 |
---------------+----------+-----
Short Blades   | 1 |  1.0
Long Blades    | 1 |  1.0
Maces & Flails | 1 |  1.0
Polearms       | 1 |  1.0
Staves         | 1 |  1.0
Slings         | 1 |  1.0
Bows           | 1 |  1.0
Crossbows      | 1 |  1.0
Throwing       | 1 |  1.0
Stealth        | 1 |  1.0
Shields        | 1 |  1.0
Unarmed Combat | 1 |  1.0
Spellcasting   | 1 |  1.0
Evocations     | 1 |  1.0
Fighting       | |  6.5
Axes           | |  4.6
Armour         | |  4.6
Dodging        | |  2.6
Conjurations   | |  0.7
Hexes          | |  0.7
Summonings     | |  0.7
Necromancy     | |  0.7
Translocations | |  0.7
Transmutations | |  0.7
Fire Magic     | |  0.7
Ice Magic      | |  0.7
Air Magic      | |  0.7
Earth Magic    | |  0.7
Poison Magic   | |  0.7
Invocations    | |  4.6

Action                   || total
-------------------------++-------
Melee: Hand axe          ||   103
       Bite              ||     6
Invok: Depart the Abyss  ||     1
  Use: Scroll            ||     3
       Potion            ||     1
 Stab: Sleeping          ||     2
Armor: Leather armour    ||    35
       Chain mail        ||     1
Dodge: Dodged            ||    54
       Repelled          ||     5

Table legend: (Time is in decaauts)
 A = Elapsed time spent in this place.
 B = Non-inter-level travel time spent in this place.
 C = Inter-level travel time spent in this place.
 D = Time resting spent in this place.
 E = Time spent auto-exploring this place.
 F = Levels seen in this place.
 G = Mean time per level.
                   A        B        C        D        E       F      G
               +--------+--------+--------+--------+--------+-----+--------+
         Total |   1730 |   1716 |     14 |      0 |   1366 |   4 |  432.5 |
       Dungeon |   1610 |   1596 |     14 |      0 |   1314 |   2 |  805.0 |
         Abyss |    119 |    119 |      0 |      0 |     52 |   2 |   59.5 |
               +--------+--------+--------+--------+--------+-----+--------+

Top non-repeatable levels by time:
     D:1: 1124 daAuts
     D:2: 486 daAuts
 Abyss:2: 110 daAuts
 Abyss:1: 9 daAuts
